 Dungeon Crawl Stone Soup version 0.19-a0-1717-gc7c1317 (webtiles) character file.

8134 Grim the Destroyer (level 11, 0/62 HPs)
             Began as a Deep Elf Conjurer on Sept 29, 2016.
             Was a Priest of Vehumet.
             Slain by a wraith (5 damage)
             ... led by Josephine
             ... on level 10 of the Dungeon.
             The game lasted 00:42:43 (15322 turns).

Grim the Destroyer (Deep Elf Conjurer)             Turns: 15322, Time: 00:42:44

Health: 0/62       AC:  9    Str:  5    XL:     11   Next: 5%
Magic:  0/21       EV: 13    Int: 22    God:    Vehumet [***...]
Gold:   509        SH:  0    Dex: 15    Spells: 6 memorised, 6 levels left

rFire  . . .     SeeInvis .     C - +0 lajatang
rCold  . . .     Gourm    .     N - +3 robe of Thoughtfulness {rN+ MR++ Int-2 Stlth+}
rNeg   + + .     Faith    .     (shield currently unavailable)
rPois  +         Spirit   .     (no helmet)
rElec  .         Dismiss  .     J - +0 cloak
rCorr  .         Reflect  .     S - +0 pair of gloves
MR     +++..     Harm     .     w - +0 pair of boots
Stlth  +++.......               (no amulet)
                                y - ring of positive energy
                                i - ring of poison resistance

@: slowed, very slow
A: no striking features
a: Renounce Religion


You were on level 10 of the Dungeon.
You worshipped Vehumet.
Vehumet was most pleased with you.
You were very hungry.

You visited 2 branches of the dungeon, and saw 11 of its levels.

You collected 509 gold pieces.

Inventory:

Hand Weapons
 C - a +0 lajatang (weapon)
Armour
 a - a +0 robe
 w - a +0 pair of boots (worn)
 J - a +0 cloak (worn)
 N - the +3 robe of Thoughtfulness (worn) {rN+ MR++ Int-2 Stlth+}
   (You found it on level 5 of the Dungeon)

   It affects your intelligence (-2).
   It protects you from negative energy.
   It affects your resistance to hostile enchantments.
   It makes you more stealthy.
 S - a +0 pair of gloves (worn)
Jewellery
 c - an uncursed ring of see invisible {unknown}
 i - a ring of poison resistance (left hand)
 m - an uncursed ring of resist corrosion {unknown}
 y - a ring of positive energy (right hand)
 B - a +4 ring of intelligence {unknown}
 K - a cursed ring of teleportation {unknown}
 Q - a cursed -5 ring of protection {unknown}
 R - an uncursed ring of protection from cold {unknown}
 T - an uncursed amulet of faith {unknown}
Wands
 v - a wand of slowing (28/48)
 z - a wand of lightning (10/15)
 E - a wand of iceblast (2/15)
 G - a wand of iceblast (6/15)
 I - a wand of iceblast (7/15)
 P - a wand of random effects (30/48)
Scrolls
 f - a scroll of magic mapping
 h - a scroll of enchant armour {unknown}
 k - 2 scrolls of fog {unknown}
 n - 2 scrolls of teleportation
 q - 3 scrolls of recharging
 r - 2 scrolls of noise {unknown}
 s - 2 scrolls of immolation {unknown}
 u - 4 scrolls of remove curse {unknown}
 A - 3 scrolls of fear {unknown}
 F - a scroll of amnesia {unknown}
 U - a scroll of identify
Potions
 d - a potion of flight
 g - 4 potions of brilliance
 j - 2 potions of cure mutation {!q}
 l - 2 potions of agility
 o - a potion of haste {unknown}
 p - a potion of berserk rage {unknown}
 t - 3 potions of resistance
 x - 3 potions of degeneration {!q}
 D - a potion of lignification {unknown}
 L - a potion of magic {unknown}
 M - a potion of heal wounds {unknown}
 O - a potion of mutation {unknown}
Books
 b - a book of Conjurations

   Spells                             Type                      Level
   a - Magic Dart                     Conjuration                  1
   b - Searing Ray                    Conjuration                  2
   c - Dazzling Spray                 Conjuration/Hexes            3
   d - Fulminant Prism                Conjuration/Hexes            4
   e - Iskenderun's Mystic Blast      Conjuration                  4
   f - Iskenderun's Battlesphere      Conjuration/Charms           5
 H - a book of Party Tricks

   Spells                             Type                      Level
   a - Summon Butterflies             Summoning                    1
   b - Apportation                    Translocation                1
   c - Tukima's Dance                 Hexes                        3
   d - Alistair's Intoxication        Transmutation/Poison         5
   e - Invisibility                   Hexes                        6


   Skills:
 - Level 4.7 Fighting
 + Level 8.2 Staves
 - Level 2.4 Dodging
 - Level 2.4 Stealth
 * Level 5.8 Spellcasting
 + Level 11.6 Conjurations
 - Level 9.5 Hexes
 - Level 5.0 Summonings


You had 6 spell levels left.
You knew the following spells:

 Your Spells              Type           Power        Failure   Level  Hunger
a - Magic Dart            Conj           ####         1%          1    None
b - Searing Ray           Conj           ######       1%          2    None
c - Iskenderun's Mystic   Conj           ######..     1%          4    ####...
d - Summon Butterflies    Summ           ####....     1%          1    None
e - Tukima's Dance        Hex            #####...     1%          3    ##.....
f - Fulminant Prism       Conj/Hex       ######....   1%          4    ####...


Dungeon Overview and Level Annotations

Branches:
Dungeon (10/15)            Temple (1/1) D:6            Lair (0/6) D:9
    Orc (0/2) D:10

Altars:
Cheibriados
Elyvilon
Fedhas
Gozag
Hepliaklqana
Kikubaaqudgha
Makhleb
Nemelex Xobeh
Okawaru
Qazlal
Ru
Sif Muna
Trog
Uskayaw
Vehumet
Xom
Yredelemnul
Zin
The Shining One

Shops:
D:4 :


Message History

Aiming: Iskenderun's Mystic Blast
Press: ? - help, Shift-Dir - straight line, f/p - wraith
Aim: a wraith (severely damaged)
The orb of energy hits the wraith.
The wraith is almost destroyed.
The orb of energy explodes!
The mystic blast hits the wraith.
The wraith is almost destroyed.
You are feeling very hungry.
The wraith hits you.
* * * LOW HITPOINT WARNING * * *
The wraith drains your vigour!
You feel as though you will be slow longer.
You barely miss the wraith.
The wraith is almost destroyed.
The wraith hits you!
* * * LOW HITPOINT WARNING * * *
The wraith drains your vigour!
You feel as though you will be slow longer.
The wraith hits you.
You die...

..............## #...........
..........#...# ####.....###
..........##### #...).8.....
..........# ##.).........
..........## ##.)..........
...........# #..8....>....8
...........## ####).)..).......
............#####..))#...........
.......>....##WW@.####.....8.....
..........)....#### ####.....###
.............### ###......
...........### ######.
...........# ## ...........#
#........(## .....#....#
########.##


You could see 2 wraiths.

Vanquished Creatures
  Josephine (D:10)
  Erica (D:8)
  2 hill giants (D:10)
  Prince Ribbit (D:6)
  A hippogriff (D:10)
  3 wraiths (D:10)
  3 yaks (D:10)
  Menkaure (D:6)
  Edmund (D:6)
  An ice beast (D:10)
  4 orc warriors
  A black bear (D:7)
  A phantom (D:4)
  3 necrophages
  2 sky beasts (D:5)
  6 centaurs
  An ogre (D:10)
  The ghost of Banto the Slasher, an amateur HESk (D:3)
  A big kobold (D:7)
  7 bullfrogs
  A scorpion (D:5)
  A wyvern skeleton (D:10)
  6 killer bees (D:10)
  A howler monkey (D:7)
  2 crimson imps (D:10)
  2 bullfrog zombies
  A centaur zombie (D:6)
  4 hounds
  6 jellies
  2 quasits
  2 centaur skeletons (D:10)
  A bullfrog skeleton (D:4)
  2 iguanas
  9 orc wizards
  8 worker ants
  2 killer bee zombies
  4 hound skeletons
  3 worker ant zombies
  7 adders
  2 shadow imps
  An adder zombie (D:10)
  2 worms
  A dart slug (D:4)
  4 leopard geckos
  40 orcs
  6 giant cockroaches
  6 goblins
  8 hobgoblins
  18 jackals
  16 kobolds
  4 quokkas
  2 ball pythons
  4 bats
  4 frilled lizards
  A jackal skeleton (D:7)
  A leopard gecko zombie (D:7)
  A quokka zombie (D:7)
  12 rats
239 creatures vanquished.

Vanquished Creatures (others)
  6 bushes (D:7)
  15 fulminant prisms (D:10)
  11 plants (D:7)
32 creatures vanquished.

Grand Total: 271 creatures vanquished

Notes
Turn   | Place    | Note
-------+----------+-------------------------------------------
     0 | D:1      | Grim the Deep Elf Conjurer began the quest for the Orb.
     0 | D:1      | Reached XP level 1. HP: 10/10 MP: 6/6
   404 | D:1      | Reached XP level 2. HP: 15/15 MP: 5/8
   434 | D:1      | Learned a level 2 spell: Searing Ray
   585 | D:1      | Reached skill level 5 in Conjurations
  1221 | D:2      | Reached XP level 3. HP: 19/19 MP: 2/9
  1889 | D:2      | Reached skill level 6 in Conjurations
  2142 | D:3      | Reached XP level 4. HP: 24/24 MP: 7/10
  2171 | D:3      | Learned a level 4 spell: Iskenderun's Mystic Blast
  2231 | D:3      | Noticed Banto's ghost (amateur HESk)
  2880 | D:3      | Killed Banto's ghost
  2880 | D:3      | Reached skill level 7 in Conjurations
  2880 | D:3      | Reached XP level 5. HP: 26/28 MP: 2/11
  3649 | D:4      | Noticed a phantom
  3723 | D:4      | Killed a phantom
  3723 | D:4      | Reached skill level 8 in Conjurations
  3723 | D:4      | Reached XP level 6. HP: 32/32 MP: 3/12
  3828 | D:4      | Found Mischepn's Book Emporium.
  4004 | D:4      | Reached skill level 1 in Staves
  4722 | D:5      | Entered Level 5 of the Dungeon
  4882 | D:5      | Found a blossoming altar of Fedhas.
  4974 | D:5      | Learned a level 1 spell: Summon Butterflies
  4978 | D:5      | Learned a level 3 spell: Tukima's Dance
  4988 | D:5      | Noticed a sky beast
  4993 | D:5      | Killed a sky beast
  4993 | D:5      | Reached skill level 1 in Summonings
  4993 | D:5      | Reached XP level 7. HP: 36/36 MP: 0/13
  6148 | D:5      | Got a twisted robe
  6159 | D:5      | Identified the +3 robe of Thoughtfulness {rN+ MR++ Int-2 Stlth+} (You found it on level 5 of the Dungeon)
  6381 | D:6      | Noticed Edmund
  6537 | D:6      | Found a staircase to the Ecumenical Temple.
  6548 | D:6      | Noticed Menkaure
  6562 | Temple   | Entered the Ecumenical Temple
  6626 | Temple   | Became a worshipper of Vehumet
  6818 | D:6      | Noticed Prince Ribbit
  6822 | D:6      | Killed Prince Ribbit
  6822 | D:6      | Reached skill level 9 in Conjurations
  6822 | D:6      | Reached XP level 8. HP: 41/41 MP: 1/14
  6842 | D:6      | Reached skill level 5 in Summonings
  6969 | D:6      | Reached skill level 1 in Hexes
  7176 | D:6      | Killed Edmund
  7312 | D:6      | Killed Menkaure
  7885 | D:6      | Reached skill level 5 in Staves
  8256 | D:7      | Reached skill level 5 in Hexes
  9269 | D:7      | Reached XP level 9. HP: 27/45 MP: 0/15
  9470 | D:7      | Reached * piety under Vehumet
  9470 | D:7      | Offered knowledge of Shock by Vehumet.
 10428 | D:7      | Reached skill level 10 in Conjurations
 10777 | D:7      | Found a blossoming altar of Fedhas.
 11236 | D:8      | Noticed Erica
 11512 | D:8      | Killed Erica
 12402 | D:7      | Reached XP level 10. HP: 42/50 MP: 13/17
 12567 | D:7      | Learned a level 4 spell: Fulminant Prism
 12641 | D:8      | You fall through a shaft for 2 floors!
 12641 | D:10     | Entered Level 10 of the Dungeon
 12657 | D:9      | Found a staircase to the Lair.
 12895 | D:10     | Reached skill level 1 in Fighting
 12922 | D:10     | Reached ** piety under Vehumet
 12922 | D:10     | Offered knowledge of Flame Tongue by Vehumet.
 13315 | D:10     | Found a staircase to the Orcish Mines.
 13331 | D:10     | HP: 2/53 [hippogriff (6)]
 13703 | D:10     | Noticed a hill giant
 13705 | D:10     | Noticed a hill giant
 13729 | D:10     | Killed a hill giant
 13729 | D:10     | Reached skill level 11 in Conjurations
 14079 | D:10     | Killed a hill giant
 14079 | D:10     | Offered knowledge of Throw Frost by Vehumet.
 15169 | D:10     | Reached *** piety under Vehumet
 15170 | D:10     | Noticed Josephine
 15173 | D:10     | Noticed a deep elf mage
 15309 | D:10     | Killed Josephine
 15309 | D:10     | Reached skill level 5 in Spellcasting
 15309 | D:10     | Reached XP level 11. HP: 56/62 MP: 7/21
 15322 | D:10     | Slain by a wraith

Vault maps used:
D:1:      dpeg_arrival_erosion
D:3:      first_bread
D:4:      serial_shops, shop_coins
D:5:      basic_altar, kennysheep_cross_room
D:6:      uniq_prince_ribbit1, uniq_menkaure, uniq_edmund
D:7:      nicolae_whirlpool, fedhas_altar_decomposition
D:8:      uniq_erica
D:9:      lair_0_dummy
D:10:     david_orc_2, minmay_misc_feat_diagonals, uniq_josephine
Temple:   regret_index_temple_chain_breaker

Skill      XL: |  1  2  3  4  5  6  7  8  9 10 |
---------------+-------------------------------+-----
Conjurations   | 5 6 7 8 9 10 11 | 11.6
Staves         | 2 4 5 6 8 |  8.2
Summonings     | 1 4 5 |  5.0
Hexes          | 6 9 |  9.5
Spellcasting   | 5 |  5.8
Fighting       | 4 |  4.7
Dodging        | |  2.4
Stealth        | |  2.4

Action                   |  1- 3 |  4- 6 |  7- 9 | 10-12 || total
-------------------------+-------+-------+-------+-------++-------
Melee: Lajatang          |       |     4 |   109 |    79 ||   192
Throw: Throwing net      |     1 |       |       |       ||     1
 Cast: Magic Dart        |    68 |    61 |   175 |    74 ||   378
       Searing Ray       |     2 |     6 |    14 |     4 ||    26
       Iskenderun's Myst |       |    24 |    60 |    32 ||   116
       Summon Butterflie |       |       |     2 |     1 ||     3
       Fulminant Prism   |       |       |       |    15 ||    15
       Tukima's Dance    |       |       |       |     1 ||     1
  Use: Scroll            |       |     4 |       |     7 ||    11
       Potion            |       |       |     1 |     4 ||     5
 Stab: Sleeping          |       |       |     1 |       ||     1
  Eat: Chunk             |     4 |     8 |    10 |    11 ||    33
       Bread ration      |       |     1 |     2 |     1 ||     4
       Meat ration       |       |       |     3 |       ||     3
       Pizza             |       |       |     1 |       ||     1
Armor: Robe              |     1 |     7 |    43 |    37 ||    88
Dodge: Dodged            |     5 |    13 |   112 |    88 ||   218
